 Dungeon Crawl Stone Soup version 0.20-a0-444-g03c7170 (webtiles) character file.

65 AlphabetPasta the Charmwright (level 3, -2/28 HPs)
             Began as a Vampire Skald on Jan 6, 2017.
             Slain by a gnoll
             ... wielding a +0 flail
              (3 damage)
             ... on level 2 of the Dungeon.
             The game lasted 00:08:51 (2009 turns).

AlphabetPasta the Charmwright (Vampire Skald)       Turns: 2009, Time: 00:08:52

Health: -2/28      AC:  4    Str: 15    XL:     3   Next: 94%
Magic:  3/6        EV: 12    Int: 15    God:
Gold:   61         SH:  0    Dex: 14    Spells: 1/6 levels left

rFire  . . .     SeeInvis +     a - +0 short sword
rCold  + + .     Gourm    .     b - +0 leather armour
rNeg   + + +     Faith    .     (no shield)
rPois  ∞         Spirit   .     (no helmet)
rElec  .         Reflect  .     g - +0 cloak
rCorr  .         Harm     .     (no gloves)
MR     .....                    (no boots)
Stlth  +++.......               (no amulet)
                                (no ring)
                                (no ring)

@: mighty, bloodless, non-regenerating
A: fangs 3, see invisible, unbreathing
a: Bat Form


You were on level 2 of the Dungeon.
You were bloodless.

You visited 1 branch of the dungeon, and saw 3 of its levels.

You collected 61 gold pieces.

Inventory:

Hand Weapons
 a - a +0 short sword (weapon)
Armour
 b - a +0 leather armour (worn)
 g - a +0 cloak (worn)
Potions
 d - 18 potions of blood
 e - a potion of haste
 f - 2 potions of flight
 j - a potion of curing {unknown}
Books
 c - a book of Battle

   Spells                             Type                      Level
   a - Infusion                       Charms                       1
   b - Shroud of Golubria             Charms/Translocation         2
   c - Song of Slaying                Charms                       2
   d - Spectral Weapon                Hexes/Charms                 3
   e - Regeneration                   Charms/Necromancy            3


   Skills:
 + Level 2.4 Fighting
 + Level 2.4 Short Blades
 + Level 1.3 Armour
 + Level 2.5 Dodging
 + Level 0.9 Stealth
 + Level 2.3 Spellcasting
 + Level 3.8 Charms


You had one spell level left.
You knew the following spells:

 Your Spells              Type           Power        Failure   Level  Hunger
a - Infusion              Chrm           ##..         8%          1    #......
b - Song of Slaying       Chrm           ##......     12%         2    ###....
c - Shroud of Golubria    Chrm/Tloc      #.........   17%         2    ###....


Dungeon Overview and Level Annotations

Branches:
Dungeon (3/15)

Altars:
Trog


Innate Abilities, Weirdness & Mutations

You do not heal naturally.
You are immune to poison.
You have razor-sharp teeth.
You have supernaturally acute eyesight. (SInv)
You can survive without breathing.


Message History

You barely miss the gnoll. You completely miss the gnoll.
The gnoll closely misses you.
Your leather armour prevents you from hitting the gnoll.
The gnoll hits you with a flail.
You hit the gnoll.
The gnoll is moderately wounded.
The gnoll hits you with a flail.
* * * LOW HITPOINT WARNING * * *
You hit the gnoll.
The gnoll is heavily wounded.
The gnoll hits you with a flail!
* * * LOW HITPOINT WARNING * * *
It was a potion of cancellation.
Your magical effects are unravelling.
You feel magically purged.
You are no longer magically infusing your attacks.
It was a potion of might.
You feel very mighty all of a sudden. The gnoll hits you with a flail.
You die...

.# #....##.......# #.#<#.# .#
#....##.......# #)#.#.# .#
#....##.......#####.#.#.# .#
#....##...........#.#.#.# .#
#....#######'####.#.#.#.# ##
#....# #.# #.#.#.#.# #....#####
#.# #.#.#.#.# #####..<.#...###g#
#.#.#)#.# .........'...'..@#
#.#.#.#.# ####.....#...#####
#.#.#.#.# #.....#...# #.#.#...# #
#.######### #.#.######### ####.#
#.#.........#
...#.################.########.##
...#.##...............# #.#
...#.##.############### #.#
%..#.##..........# #.#


You could see a gnoll.

Vanquished Creatures
  2 adders
  2 worms (D:2)
  2 leopard geckos (D:1)
  2 giant cockroaches (D:1)
  3 hobgoblins
  2 jackals (D:2)
  4 kobolds (D:1)
  6 bats
  4 frilled lizards
  6 goblins
  9 rats
42 creatures vanquished.

Notes
Turn   | Place    | Note
-------+----------+-------------------------------------------
     0 | D:1      | AlphabetPasta the Vampire Skald began the quest for the Orb.
     0 | D:1      | Reached XP level 1. HP: 16/16 MP: 3/3
   213 | D:1      | Reached XP level 2. HP: 18/22 MP: 5/5
   217 | D:1      | Learned a level 2 spell: Song of Slaying
   220 | D:1      | Learned a level 2 spell: Shroud of Golubria
   467 | D:1      | Reached skill level 1 in Armour
  1103 | D:2      | Reached XP level 3. HP: 28/28 MP: 6/6
  1228 | D:2      | Found a bloodstained altar of Trog.
  1240 | D:2      | You fall through a shaft!
  2007 | D:2      | HP: 1/28 [gnoll/flail (7)]
  2009 | D:2      | Slain by a gnoll

Vault maps used:
D:1:      lightli_arrival_statuegarden
D:2:      lightli_temple_of_fire, first_bread, kennysheep_boxes
D:3:      wad_river_or_something, xom_redecorated

Skill      XL: |  1  2 |
---------------+-------+-----
Fighting       | 2 |  2.4
Armour         | 1 |  1.3
Short Blades   | |  2.4
Dodging        | |  2.5
Stealth        | |  0.9
Spellcasting   | |  2.3
Charms         | |  3.8

Action                   || total
-------------------------++-------
Melee: Short sword       ||   154
       Bite              ||    10
 Cast: Infusion          ||     7
  Use: Scroll            ||     4
       Potion            ||     2
 Stab: Sleeping          ||     4
Armor: Leather armour    ||    35
Dodge: Dodged            ||    84
